 Dungeon Crawl Stone Soup version 0.16.1-4-g8e1b745 (console) character file.

1374 Monkaria the Carver (level 8, -4/73 HPs)
             Began as a Minotaur Fighter on Mar 27, 2015.
             Was an Initiate of Yredelemnul.
             Slain by an orc warrior
             ... wielding a +0 trident
              (17 damage)
             ... on level 6 of the Dungeon.
             The game lasted 00:09:21 (4804 turns).

Monkaria the Carver (Minotaur Fighter)              Turns: 4804, Time: 00:09:21

Health: -4/73      AC: 11    Str: 21    XL:     8   Next: 39%
Magic:  3/3        EV:  7    Int:  5    God:    Yredelemnul [......]
Gold:   325        SH:  9    Dex: 12    Spells: 0 memorised, 7 levels left

rFire  . . .     SeeInvis .     a - +0 long sword
rCold  . . .     Clarity  .     b - +0 scale mail
rNeg   . . .     SustAb   .     c - +0 shield
rPois  .         Gourm    +     (helmet restricted)
rElec  .         Spirit   .     m - +0 cloak
rCorr  .         Warding  .     t - +0 pair of gloves
rMut   .         Stasis   .     o - +0 pair of boots
MR     .....                    k - amulet of the gourmand (curse)
Stlth  +.........               (no ring)
                                y - ring of stealth

@: not resistant to hostile enchantments, very unstealthy
A: retaliatory headbutt, horns 2
a: Renounce Religion


You were on level 6 of the Dungeon.
You worshipped Yredelemnul.
Yredelemnul was noncommittal.
You were completely stuffed.

You visited 2 branches of the dungeon, and saw 7 of its levels.
You also visited: Sewer.

You collected 325 gold pieces.

Inventory:

Hand weapons
 a - a +0 long sword (weapon)
 u - a +0 blowgun
Missiles
 v - 15 poisoned needles
Armour
 b - a +0 scale mail (worn)
 c - a +0 shield (worn)
 m - a +0 cloak (worn)
 o - a +0 pair of boots (worn)
 t - a +0 pair of gloves (worn)
Jewellery
 k - a cursed amulet of the gourmand (around neck)
 y - a ring of stealth (left hand)
Scrolls
 f - 3 scrolls of amnesia {unknown}
 i - 4 scrolls of identify
 p - 2 scrolls of enchant armour {unknown}
 q - 2 scrolls of blinking {unknown}
 s - 3 scrolls of remove curse
 w - 2 scrolls of fear {unknown}
 A - a scroll of vulnerability {unknown}
 C - 2 scrolls of recharging {unknown}
 E - a scroll of magic mapping
 F - a scroll of immolation {unknown}
Potions
 e - 4 potions of might
 h - a potion of lignification
 j - 5 potions of heal wounds
 l - a potion of brilliance {unknown}
 n - 4 potions of curing
 r - 2 potions of flight {unknown}
 z - a potion of berserk rage {unknown}
 D - a potion of invisibility {unknown}
Comestibles
 d - 4 bread rations
 g - 3 fruits
 x - a royal jelly
 B - a beef jerky


   Skills:
 - Level 7.1 Fighting
 - Level 9.0 Long Blades
 + Level 7.3 Armour
 - Level 3.6 Shields


You had 7 spell levels left.
You didn't know any spells.

Dungeon Overview and Level Annotations

Branches:
Dungeon (6/15)             Temple (1/1) D:5

Altars:
Ashenzari
Dithmenos
Elyvilon
Gozag
Kikubaaqudgha
Nemelex Xobeh
Qazlal
Ru
Sif Muna
Vehumet
Xom
Yredelemnul
The Shining One


Innate Abilities, Weirdness & Mutations

You reflexively headbutt those who attack you in melee.
You have a pair of horns on your head.


Message History

The orc warrior hits you but does no damage.
You hit the goliath beetle but do no damage.
You headbutt the goliath beetle, but do no damage.
The goliath beetle is lightly wounded.
You block the goliath beetle's attack.
The orc warrior hits you from afar with a trident!
The orc priest hits you but does no damage.
You hit the goliath beetle but do no damage.
You headbutt the goliath beetle, but do no damage.
The goliath beetle is lightly wounded.
The orc warrior hits you from afar with a trident!
* * * LOW HITPOINT WARNING * * *
The orc priest closely misses you.
Unknown command.
You hit the orc priest!
The orc priest is severely wounded.
You block the orc priest's attack.
The orc warrior hits you from afar with a trident!
You die...
Your body rises from the dead as a mindless zombie.

..... ... ......#+##+###
.....##'###'##..........#
#.....#..#....'..........#
+.....'.))....# ........'
#.....#..#....# ........#
##.....##'##.### .......#
............#o#######+##....
...........oB..'...... +....
...........@#+###'##+###....
#######+#.................##
+.'.................+.
#.#.................#.
#.##'######'#..........#.
#........#..#..........#.
#........'..#...#'#...##.
#.##..#####.#...#.+...#.. #+
##+#####'#...'.#...#..


You could see a goliath beetle, an orc warrior and an orc priest.

Vanquished Creatures
  Eustachio (D:6)
  The ghost of Crauler the Stinger, an average OpVM (D:4)
  Menkaure (D:4)
  A water moccasin (D:4)
  A sky beast (D:6)
  2 ogres
  A big kobold (Sewer)
  A goliath beetle (D:6)
  Crazy Yiuf (D:2)
  An orc priest (D:4)
  2 iguanas (D:6)
  A jelly (D:6)
  3 orc wizards
  2 hounds (D:4)
  Jessica (D:3)
  Robin (D:4)
  4 adders
  2 giant mites
  4 worms
  2 adder zombies
  5 giant geckos
  4 oozes
  15 orcs
  3 ball pythons
  20 bats
  A bat skeleton (D:4)
  6 giant cockroaches
  16 goblins
  5 hobgoblins
  7 jackals
  27 kobolds
  4 quokkas
  A ball python skeleton (D:4)
  7 giant newts
  12 rats
166 creatures vanquished.

Notes
Turn   | Place    | Note
--------------------------------------------------------------
     0 | D:1      | Monkaria, the Minotaur Fighter, began the quest for the Orb.
     0 | D:1      | Reached XP level 1. HP: 19/19 MP: 1/1
    75 | D:1      | Reached XP level 2. HP: 27/27 MP: 1/1
   136 | D:1      | Reached skill level 4 in Fighting
   644 | D:2      | Reached XP level 3. HP: 33/33 MP: 2/2
   651 | D:2      | Found a shattered altar of Ashenzari.
   686 | D:2      | Noticed Crazy Yiuf
   693 | D:2      | Killed Crazy Yiuf
   757 | D:2      | Reached XP level 4. HP: 31/41 MP: 2/2
   933 | D:2      | Found a stormy altar of Qazlal.
  1068 | D:2      | Found a radiant altar of Vehumet.
  1068 | D:2      | Found a shadowy altar of Dithmenos.
  1408 | D:3      | Found a glowing drain.
  1413 | D:3      | Reached skill level 5 in Long Blades
  1429 | Sewer    | Entered a sewer
  1519 | Sewer    | Noticed a big kobold
  1525 | Sewer    | Killed a big kobold
  1525 | Sewer    | Reached skill level 5 in Fighting
  1525 | Sewer    | Reached XP level 5. HP: 46/48 MP: 2/2
  1839 | D:3      | Reached skill level 6 in Long Blades
  1890 | D:3      | Found a deep blue altar of Sif Muna.
  2158 | D:3      | Noticed Jessica
  2166 | D:3      | Killed Jessica
  2511 | D:4      | Reached XP level 6. HP: 34/56 MP: 3/3
  2549 | D:4      | Noticed Menkaure
  2560 | D:4      | Killed Menkaure
  2560 | D:4      | Reached skill level 7 in Long Blades
  2842 | D:4      | Noticed Robin
  2868 | D:4      | Killed Robin
  2916 | D:4      | Noticed an ogre
  2920 | D:4      | Killed an ogre
  2920 | D:4      | Reached XP level 7. HP: 51/64 MP: 3/3
  2969 | D:4      | Noticed Crauler's ghost (average OpVM)
  2975 | D:4      | Killed Crauler's ghost
  2975 | D:4      | Reached skill level 8 in Long Blades
  3201 | D:4      | Noticed a water moccasin
  3214 | D:4      | Killed a water moccasin
  3214 | D:4      | Reached skill level 9 in Long Blades
  3653 | D:5      | Entered Level 5 of the Dungeon
  3671 | D:5      | Found a sacrificial altar of Ru.
  3948 | D:5      | Found a staircase to the Ecumenical Temple.
  4084 | Temple   | Entered the Ecumenical Temple
  4365 | Temple   | Became a worshipper of Yredelemnul the Dark
  4495 | D:6      | Reached skill level 5 in Armour
  4495 | D:6      | Reached XP level 8. HP: 73/73 MP: 3/3
  4533 | D:6      | Noticed Eustachio
  4538 | D:6      | Killed Eustachio
  4541 | D:6      | Found an opulent altar of Gozag.
  4804 | D:6      | Slain by an orc warrior

Action                   |  1- 3 |  4- 6 |  7- 9 || total
-------------------------+-------+-------+-------++-------
Melee: Long sword        |    56 |   236 |   146 ||   438
  Use: Scroll            |       |     5 |       ||     5
  Eat: Chunk             |       |    15 |     6 ||    21
